 Dungeon Crawl Stone Soup version 0.17-a0-802-g1f09329 (console) character file.

116 dunyain the Chopper (level 4, -4/33 HPs)
             Began as a Demonspawn Gladiator on Apr 26, 2015.
             Slain by a worm (11 damage)
             ... on level 3 of the Dungeon.
             The game lasted 00:02:44 (2378 turns).

dunyain the Chopper (Demonspawn Gladiator)          Turns: 2378, Time: 00:02:44

Health: -4/33      AC:  4    Str: 15    XL:     4   Next: 69%
Magic:  4/4        EV: 12    Int:  9    God:
Gold:   229        SH:  0    Dex: 15    Spells: 0 memorised, 3 levels left

rFire  . . .     SeeInvis .     a - +0 war axe
rCold  . . .     Clarity  .     b - +0 leather armour
rNeg   . . .     SustAb   .     (no shield)
rPois  .         Gourm    .     k - +0 helmet
rElec  .         Spirit   .     (no cloak)
rCorr  .         Warding  .     (no gloves)
rMut   .         Stasis   .     (no boots)
MR     .....                    (no amulet)
Stlth  +++.......               (no ring)
                                i - ring of wizardry

@: not resistant to hostile enchantments, fairly stealthy
A: talons 1, nightstalker 2
a: no special abilities


You were on level 3 of the Dungeon.
You were not hungry.

You visited 1 branch of the dungeon, and saw 3 of its levels.

You collected 229 gold pieces.

Inventory:

Hand weapons
 a - a +0 war axe (weapon)
Missiles
 d - 3 throwing nets (quivered)
Armour
 b - a +0 leather armour (worn)
 c - a +0 helmet
 k - a +0 helmet (worn)
 B - a +0 cloak
Jewellery
 i - a ring of wizardry (left hand)
Scrolls
 f - 2 scrolls of blinking {unknown}
 h - 2 scrolls of immolation {unknown}
 n - a scroll of enchant armour {unknown}
 p - a scroll of identify {unknown}
 x - a scroll of recharging {unknown}
 y - a scroll of noise {unknown}
 z - a scroll of magic mapping {unknown}
 A - a scroll of teleportation {unknown}
Potions
 m - a potion of restore abilities {unknown}
 o - a potion of heal wounds {unknown}
 q - a potion of invisibility {unknown}
 s - a potion of haste {unknown}
 u - 2 potions of magic {unknown}
 v - a potion of might
Comestibles
 e - a bread ration
 g - a meat ration
 l - a slice of pizza
 C - 6 chunks of flesh


   Skills:
 - Level 2.0 Fighting
 + Level 5.0 Axes
 - Level 1.7 Throwing
 - Level 2.6 Dodging


You had 3 spell levels left.
You didn't know any spells.

Dungeon Overview and Level Annotations

Branches:
Dungeon (3/15)

Altars:


Innate Abilities, Weirdness & Mutations

You have sharp toenails.
You are significantly more attuned to the shadows.


Message History

The orc hits you but does no damage.
You closely miss the orc. You claw the orc, but do no damage.
The orc is almost dead.
The orc barely misses you.
You slash the orc!
You kill the orc!
The orc hits you with a hand axe.
You slash the orc!
You kill the orc!
You hit the worm. You claw the worm.
The worm is moderately wounded.
You hit the worm. You claw the worm, but do no damage.
The worm is heavily wounded.
The worm bites you.
* * * LOW HITPOINT WARNING * * *
You are too injured to fight recklessly!
You hit the worm. You claw the worm, but do no damage.
The worm is severely wounded.
The worm bites you!
You die...

######## ........
####### ########
......##############..
....................#..
....#.############.#..
# #.# #.... #@# ##...
#w###### #... #.......
##.. #......$ #..
..!.... ##. ....#### #.
#..... #.####. #.....#
#...... ... ######.


You could see a worm.

Vanquished Creatures
  5 adders
  A gnoll (D:1)
  An ooze (D:1)
  2 giant geckos
  5 orcs (D:3)
  4 giant cockroaches
  5 hobgoblins
  5 kobolds
  A quokka (D:3)
  A ball python (D:1)
  5 bats
  3 giant newts
  7 goblins
  2 jackal skeletons (D:3)
  8 rats
55 creatures vanquished.

Notes
Turn   | Place    | Note
--------------------------------------------------------------
     0 | D:1      | dunyain, the Demonspawn Gladiator, began the quest for the Orb.
     0 | D:1      | Reached XP level 1. HP: 16/16 MP: 1/1
     8 | D:1      | Reached skill level 3 in Axes
   152 | D:1      | Gained mutation: You are slightly more attuned to the shadows. [demonic ancestry]
   152 | D:1      | Reached XP level 2. HP: 22/22 MP: 2/2
   561 | D:1      | Gained mutation: You have sharp toenails. [demonic ancestry]
   561 | D:1      | Reached XP level 3. HP: 27/27 MP: 3/3
   969 | D:2      | Reached skill level 4 in Axes
  1568 | D:2      | Gained mutation: You are significantly more attuned to the shadows. [demonic ancestry]
  1568 | D:2      | Reached XP level 4. HP: 33/33 MP: 4/4
  1625 | D:2      | HP: 1/33 [poisoned by an adder]
  2363 | D:3      | Reached skill level 5 in Axes
  2378 | D:3      | Slain by a worm

Action                   |  1- 3 |  4- 6 || total
-------------------------+-------+-------++-------
Melee: War axe           |    95 |    52 ||   147
 Stab: Sleeping          |     5 |     8 ||    13
       Distracted        |     1 |       ||     1
  Eat: Chunk             |     2 |     3 ||     5
